 Dungeon Crawl Stone Soup version 0.29-a0-297-g7659ce593d (webtiles) character file.

Game seed: 16367305783959708313

49 Dabor the Insei (level 3, 0/18 HPs)
             Began as a Vine Stalker Transmuter on Mar 22, 2022.
             Killed from afar by Natasha (7 damage)
             ... with a magic dart
             ... on level 2 of the Dungeon.
             The game lasted 00:01:55 (1178 turns).

Dabor the Insei (Vine Stalker Transmuter)           Turns: 1178, Time: 00:01:56

Health: 0/18       AC:  2    Str: 14    XL:     3   Next: 77%
Magic:  0/7        EV: 11    Int: 13    God:
Gold:   42         SH:  3    Dex: 14    Spells: 4/7 levels left

rFire   . . .      SeeInvis .   l - +6 spear
rCold   . . .      Faith    .   h - +0 buckler
rNeg    . . .      Spirit   +   a - +0 robe
rPois   .          Reflect  .   (helmet currently unavailable)
rElec   .          Harm     .   (no cloak)
rCorr   .          Rampage  .   (no gloves)
Will    .....                   (boots currently unavailable)
Stlth   +.........              (no amulet)
HPRegen 0.06/turn               (no ring)
MPRegen 0.10/turn               (no ring)

@: appendages (expiring), wereblooded
A: horns 2, talons 2, fangs 2, magic shield, antimagic bite, no potion heal 2
a: End Transformation


You were on level 2 of the Dungeon.
You had temporarily grown beastly horns and talons.
You visited 1 branch of the dungeon, and saw 2 of its levels.

You collected 42 gold pieces.

Inventory:

Hand Weapons
 l - a +6 spear (weapon)
Armour
 a - a +0 robe (worn)
 h - a +0 buckler (worn)
Jewellery
 f - a ring of ice
Scrolls
 d - a scroll of immolation {unknown}
Potions
 b - a potion of lignification
 c - a potion of invisibility {unknown}
 e - a potion of brilliance {unknown}
 g - a potion of attraction {unknown}
 i - 2 potions of curing {unknown}
 j - a potion of ambrosia {unknown}


   Skills:
 + Level 1.5 Fighting
 + Level 0.5 Polearms
 + Level 1.9 Dodging
 + Level 3.3 Unarmed Combat
 + Level 2.6 Spellcasting
 + Level 2.4 Transmutations


You had 4 spell levels left.
You knew the following spells:

 Your Spells              Type           Power      Damage    Failure   Level
a - Beastly Appendage     Tmut           16%        N/A       12%         1
b - Wereblood             Tmut           8%         N/A       19%         2

Your spell library contained the following spells:

 Spells                   Type           Power      Damage    Failure   Level
 Spider Form              Tmut/Pois      4%         N/A       52%         3
 Portal Projectile        Hex/Tloc       2%         N/A       69%         3
 Ice Form                 Ice/Tmut       4%         N/A       89%         4
 Blade Hands              Tmut           4%         N/A       98%         5
 Excruciating Wounds      Necr           0%         N/A       100%        5


Dungeon Overview and Level Annotations

Branches:
Dungeon (2/15)

Altars:

Annotations:
D:2 Natasha


Innate Abilities, Weirdness & Mutations

You have temporarily grown beastly horns and talons.
You have extremely sharp teeth.
When hurt, damage is shared between your health and your magic reserves.
Your bite disrupts and absorbs the magic of your enemies.
Potions cannot restore your health.


Message History

You completely miss the worm.
The worm is heavily wounded.
The goblin misses you.
You hit the worm. Your kick misses the worm. You bite the worm.
You drain its power.
You feel invigorated.
The worm is severely wounded.
The goblin closely misses you. The worm bites you!
You puncture the worm!
You kill the worm!
You block the goblin's attack.
You puncture the goblin!
You kill the goblin!
Your horns disappear.
Your talons disappear.
You hit the goblin.
You kill the goblin!
You start resting.
Magic restored.
You start resting.
Natasha, Servant of Life and Death comes into view.
Casting: Beastly Appendage (safe; 12% risk of failure)
Confirm with . or Enter, or press ? or * to list all spells.
You grow a pair of large bovine horns.
Your feet morph into talons.
Casting: Beastly Appendage (safe; 12% risk of failure)
Confirm with . or Enter, or press ? or * to list all spells.
Your blood is infused with primal strength.
Natasha stares at you and mumbles some strange words.
The magic dart hits you.
You reach to attack!
You closely miss Natasha. Natasha casts a spell at you.
The magic dart hits you!
You are too injured to fight recklessly!
Reach: l) +6 spear
Press: ? - help, Dir - move target, f/p - Natasha
Aim: Natasha (about 39% to evade your +6 spear)
You reach to attack!
You hit Natasha.
Natasha is moderately wounded.
Your transformation is almost over.
Natasha casts a spell at you. The magic dart hits you!
You die...

###.#### #.P....PPP#.
....... #P.....P..#.
..... #.........#.
.... #P(.......#.
#.<## #..#.P.P...#..
#.).#.####.......#..
#.))#. #PP..P..#..
#####.#.###.##...##...
#....@#..#.. #P..#....
#.....##.#.##.###.##..
#....h##.#.####..##...
#.....##.#.####.......
#............##.......
#.....##.#...##.......
#.....##...#..........
#.....##.####.#....[..
########.# #.........


You could see Natasha.

Vanquished Creatures
  Natasha (D:2)
  A worm (D:2)
  2 giant cockroaches (D:1)
  4 goblins (D:2)
  2 hobgoblins
  3 quokkas
  3 ball pythons
  2 bats (D:1)
  2 frilled lizards (D:1)
  A rat (D:1)
21 creatures vanquished.

Vanquished Creatures (others)
  6 demonic plants (D:2)
  A plant (D:2)
  A withered plant (D:2)
8 creatures vanquished.

Grand Total: 29 creatures vanquished

Notes
Turn   | Place    | Note
-------+----------+-------------------------------------------
     0 | D:1      | Dabor the Vine Stalker Transmuter began the quest for the
                  | Orb.
     0 | D:1      | Reached XP level 1. HP: 9/9 MP: 4/4
   198 | D:1      | Reached skill level 1 in Fighting
   429 | D:1      | Reached XP level 2. HP: 14/14 MP: 6/6
   433 | D:1      | Learned a level 2 spell: Wereblood
   900 | D:2      | Found a faded altar of an unknown god.
   939 | D:2      | Noticed Natasha
   944 | D:2      | Killed Natasha
   945 | D:2      | Reached XP level 3. HP: 12/18 MP: 4/7
  1173 | D:2      | Noticed Natasha
  1178 | D:2      | Killed from afar by Natasha

Illustrated notes

Levels and vault maps discovered:
D:1:      nzn_arrival_crosshair, layout_basic
D:2:      layout_rooms, shapermc_ecumenical_altar_gd, st_stairs_4,
          grunt_ministairs_8, uniq_robin, uniq_natasha

Skill      XL: |  1 |
---------------+----+-----
Fighting       | 1 |  1.5
Polearms       | |  0.5
Dodging        | |  1.9
Unarmed Combat | |  3.3
Spellcasting   | |  2.6
Transmutations | |  2.4

Action                   || total
-------------------------++-------
Melee: Unarmed           ||    35
       Bite              ||    10
       Spear             ||    24
       Headbutt          ||     2
       Kick              ||     2
 Cast: Beastly Appendage ||     5
       Wereblood         ||     1
  Use: Scroll            ||     5
Armor: Robe              ||     8
Dodge: Dodged            ||    30
Block: Buckler           ||     1

Table legend: (Time is in decaauts)
 A = Elapsed time spent in this place.
 B = Non-inter-level travel time spent in this place.
 C = Inter-level travel time spent in this place.
 D = Time resting spent in this place.
 E = Time spent auto-exploring this place.
 F = Levels seen in this place.
 G = Mean time per level.
                   A        B        C        D        E       F      G
               +--------+--------+--------+--------+--------+-----+--------+
         Total |   1177 |   1155 |     22 |    123 |    848 |   2 |  588.5 |
       Dungeon |   1177 |   1155 |     22 |    123 |    848 |   2 |  588.5 |
               +--------+--------+--------+--------+--------+-----+--------+

Top non-repeatable levels by time:
     D:1: 720 daAuts
     D:2: 457 daAuts
